[Event "Late-Titled-Tuesday-Blitz-June-25-2024"]
[Site "Chess.com"]
[Date "2024.06.25"]
[Round "10"]
[White "egnfanclub"]
[Black "Orest_Vovk"]
[Result "0-1"]
[WhiteElo "2382"]
[BlackElo "2551"]
[TimeControl "180+1"]
[EndTime "15:55:05 PDT"]
[Termination "Orest_Vovk won by resignation"]

1. e4 Nc6 2. d4 e5 3. Nf3 Nxd4 4. Nxd4 exd4 5. Qxd4 Ne7 6. Nc3 Nc6 7. Qd1 Bb4 8. Bc4 O-O 9. O-O Bxc3 10. bxc3 d6 11.
Rb1 Ne5 12. Be2 Qh4 13. f4 Ng4 14. Bxg4 Bxg4 15. Qd3 b6 16. f5 Bh5 17. f6 g5 18.
Bd2 Rfe8 19. Rbe1 Bg6 20. Qd5 Bxe4 21. Qxg5+ Qxg5 22. Bxg5 d5 23. Bh6 Re6 24. Rf4 Rae8 25. Re2 Bg6 26. Rxe6 Rxe6 27. Bg7 Bxc2 28. Rd4 Be4 29.
c4 c5 30. cxd5 cxd4 31. dxe6 fxe6 32. Kf2 Kf7 33. g4 a5 34. Ke2 a4 35. Kd2 a3 36.
g5 Bd5 37. h4 Bxa2 38. h5 Bb1 39. Kc1 Bf5 40. g6+ hxg6 41. h6 g5 0-1

[Event "Late-Titled-Tuesday-Blitz-June-25-2024"]
[Site "Chess.com"]
[Date "2024.06.25"]
[Round "10"]
[White "patzer-reloaded"]
[Black "klercaku"]
[Result "0-1"]
[WhiteElo "2410"]
[BlackElo "2327"]
[TimeControl "180+1"]
[EndTime "15:55:06 PDT"]
[Termination "klercaku won on time"]

1. d4 d5 2. c4 e6 3. Nf3 Nf6 4. Nc3 Nbd7 5. Bg5 Be7 6. e3 O-O 7. Bd3 dxc4 8. Bxc4 a6 9. O-O b5 10. Bb3 Bb7 11. Qe2 c5 12. Rad1 c4 13. Bc2 h6 14.
Bh4 Nd5 15. Bg3 Nxc3 16. bxc3 Qa5 17. Qd2 Ba3 18. e4 Bb2 19. Bb1 Bxc3 20. Qf4 Qd8 21. Bh4 Qb8 22. Qg4 f5 23. Qg6 Qe8 24. exf5 Qxg6 25. fxg6 Bxf3 26. gxf3 Rf4 27. Bg3 Rxd4 28. Rxd4 Bxd4 29. Rd1 e5 30. Bxe5 Nxe5 31. f4 Nd3 32. Bxd3 cxd3 33. Rxd3 Bf6 34. Kg2 Rd8 35. Ra3 Rd6 36.
Kf3 Kf8 37. f5 Ke7 38. Ke4 Kd7 39. f4 Kc6 0-1

[Event "Late-Titled-Tuesday-Blitz-June-25-2024"]
[Site "Chess.com"]
[Date "2024.06.25"]
[Round "10"]
[White "LoonsDeKoeben"]
[Black "Alblooshi_Hamad"]
[Result "1-0"]
[WhiteElo "2438"]
[BlackElo "2312"]
[TimeControl "180+1"]
[EndTime "15:55:07 PDT"]
[Termination "LoonsDeKoeben won on time"]

1. Nf3 Nf6 2. g3 d5 3. Bg2 c5 4. O-O g6 5. c4 d4 6. b4 cxb4 7. Qa4+ Bd7 8. Qxb4 Bg7 9. Ne5 Nc6 10. Qxb7 Nxe5 11.
Qxa8 Qxa8 12. Bxa8 O-O 13. Bg2 Nxc4 14. d3 Nd6 15. Ba3 Nf5 16. Nd2 h5 17. h3 Re8 18.
Rfc1 e5 19. Rc7 a5 20. Rb1 Be6 21. Rb2 Nd5 22. Bxd5 Bxd5 23. Ne4 Nh6 24. Nd6 Ra8 25. Nc8 Kh7 26. Nb6 Rd8 27. Nxd5 Rxd5 28. Rc5 Rd7 29. Rxa5 Ng8 30. Bb4 Rc7 31. Rc5 Ra7 32. Ba5 Ne7 33.
a4 Nf5 34. Kg2 Bf8 35. Rxe5 Bd6 36. Rd5 Ra6 37. Rb7 Ne7 38. Rxd6 1-0

[Event "Late-Titled-Tuesday-Blitz-June-25-2024"]
[Site "Chess.com"]
[Date "2024.06.25"]
[Round "10"]
[White "WPWPWP-2015"]
[Black "GelmanAlexander"]
[Result "0-1"]
[WhiteElo "2546"]
[BlackElo "2705"]
[TimeControl "180+1"]
[EndTime "15:55:08 PDT"]
[Termination "GelmanAlexander won by resignation"]

1. e4 c5 2. Nf3 e6 3. d4 cxd4 4. Nxd4 a6 5. Bd3 d6 6. O-O Nf6 7. a4 b6 8. Re1 Bb7 9. Nd2 Nbd7 10. h3 Qc7 11. Kh1 Be7 12. f4 h5 13. Qf3 h4 14.
Ne2 Nc5 15. b4 Nxd3 16. cxd3 d5 17. e5 d4 18. Ne4 Nxe4 19. dxe4 Bxb4 20. Rd1 Qc2 21.
Rxd4 Bc5 22. Rd3 O-O 23. Ba3 Rad8 24. Rxd8 Rxd8 25. Bxc5 Bxe4 26. Qe3 bxc5 27. Rg1 Rd2 28. Re1 c4 29. Kg1 Bd3 30. Kf2 c3 31. Kf3 Bxe2+ 32. Rxe2 Rxe2 33. Qxe2 Qxa4 34. Qd3 Qc6+ 35. Kf2 Qc5+ 36.
Kf1 Qa5 37. Qc2 Qb5+ 38. Ke1 Qb2 39. Qd3 Qd2+ 40. Qxd2 cxd2+ 41. Kxd2 Kh7 42. Ke3 Kg6 43. Ke4 a5 44. Kf3 Kf5 45. g4+ hxg3 46. Kxg3 a4 0-1

[Event "Late-Titled-Tuesday-Blitz-June-25-2024"]
[Site "Chess.com"]
[Date "2024.06.25"]
[Round "10"]
[White "Cheer_Down"]
[Black "kiwibobo"]
[Result "1-0"]
[WhiteElo "2475"]
[BlackElo "2340"]
[TimeControl "180+1"]
[EndTime "15:55:08 PDT"]
[Termination "Cheer_Down won by checkmate"]

1. e4 e5 2. Nf3 Nc6 3. Bc4 Nf6 4. d3 Bc5 5. c3 a6 6. O-O d6 7. a4 h6 8. Re1 O-O 9. h3 Ba7 10. Nbd2 d5 11. exd5 Nxd5 12. Nxe5 Nxe5 13. Rxe5 Be6 14.
Nf3 c6 15. Re1 b5 16. Bb3 Qf6 17. d4 Rfe8 18. Ne5 Bf5 19. axb5 axb5 20. Qf3 Bh7 21.
Bd2 Qxf3 22. Nxf3 f6 23. Rxe8+ Rxe8 24. Rxa7 Be4 25. Be3 Kh7 26. Nd2 Bg6 27. Bxd5 cxd5 28. Nb3 Bd3 29. Nc5 Bc4 30. b3 Be2 31. Nd7 Kg6 32. Nb6 Re6 33. Nxd5 Kh7 34. Nf4 Bd1 35. Nxe6 Bxb3 36. Nxg7 Kg6 37. g4 Bc4 38. f4 Bd3 39. f5+ Kh7 40. Nh5+ Kg8 41. Nxf6+ Kh8 42. Rh7# 1-0

[Event "Late-Titled-Tuesday-Blitz-June-25-2024"]
[Site "Chess.com"]
[Date "2024.06.25"]
[Round "10"]
[White "jk13"]
[Black "xasid81"]
[Result "1/2-1/2"]
[WhiteElo "2705"]
[BlackElo "2580"]
[TimeControl "180+1"]
[EndTime "15:55:10 PDT"]
[Termination "Game drawn by repetition"]

1. e4 d5 2. exd5 Nf6 3. d4 Bg4 4. Be2 Bxe2 5. Qxe2 Qxd5 6. Nf3 Nc6 7. c4 Qe4 8. Be3 e6 9. O-O Bd6 10. Nc3 Qg6 11. d5 exd5 12. cxd5 Ne7 13. Qb5+ Nd7 14. Qxb7 O-O 15. Qb5 Ne5 16. Nxe5 Bxe5 17. Qc4 Qd6 18. h3 Bxc3 19. bxc3 Qxd5 20. Qxc7 Nf5 21. Qc5 Qxc5 22. Bxc5 Rfc8 23. Bd4 Rc4 24. Rfd1 Nxd4 25. cxd4 Rd8 26. Rab1 g6 27. Rb7 a5 28. d5 Rd6 29. Rb5 a4 30. Rd2 Kg7 31. g3 Kf6 32. Kg2 Rc3 33. h4 h5 34. Ra5 a3 35. Rb5 Ke5 36. Ra5 Kf6 37. Kf1 Rd8 38. d6 Rd7 39. Ke2 Ke6 40. Ra6 Ke5 41.
Ra5+ Ke6 42. Ra6 Ke5 43. Rb6 Ke6 44. Rd3 Rc2+ 45. Rd2 Rc3 46. Rd4 Rc2+ 47. Rd2 Rc3 1/2-1/2

[Event "Late-Titled-Tuesday-Blitz-June-25-2024"]
[Site "Chess.com"]
[Date "2024.06.25"]
[Round "10"]
[White "MuhittinBuker"]
[Black "RodriQA"]
[Result "0-1"]
[WhiteElo "2241"]
[BlackElo "2411"]
[TimeControl "180+1"]
[EndTime "15:55:12 PDT"]
[Termination "RodriQA won by resignation"]

1. d4 d5 2. c4 c6 3. Nc3 Nf6 4. cxd5 cxd5 5. Nf3 Nc6 6. Bf4 a6 7. e3 Bg4 8. Be2 e6 9. O-O Bd6 10. h3 Bh5 11. Bxd6 Qxd6 12. Rc1 O-O 13. Na4 Nd7 14. Nc5 Nxc5 15. Rxc5 Rac8 16. Qb3 b5 17. Rfc1 Bxf3 18. Bxf3 Na5 19. Qd1 Nc4 20. Rxc8 Rxc8 21. b3 Nb6 22.
Rxc8+ Nxc8 23. Qc2 Ne7 24. Be2 Qc6 25. Qxc6 Nxc6 26.
Kf1 Kf8 27. Ke1 Ke7 28. Kd2 Kd6 29. Kc3 Kc7 30. a3 Kb6 31. f4 a5 32. Kc2 Ne7 33. a4 b4 34. Bb5 Nf5 35. Kd3 h5 36. g4 hxg4 37. hxg4 Nd6 38. Bd7 Kc7 39. Bb5 Nxb5 40. axb5 Kb6 41. e4 Kxb5 42. exd5 exd5 43. Kc2 a4 44. Kb2 a3+ 45. Kc2 Kc6 46. Kc1 Kd7 47. Kc2 Ke6 48. Kc1 f5 49. g5 Kf7 0-1

[Event "Late-Titled-Tuesday-Blitz-June-25-2024"]
[Site "Chess.com"]
[Date "2024.06.25"]
[Round "10"]
[White "ritanovikova"]
[Black "Jahonas"]
[Result "0-1"]
[WhiteElo "2246"]
[BlackElo "2415"]
[TimeControl "180+1"]
[EndTime "15:55:14 PDT"]
[Termination "Jahonas won by resignation"]

1. e4 c6 2. d4 d5 3. exd5 cxd5 4.
Bd3 Nf6 5. Nf3 Nc6 6. c3 Bg4 7. O-O e6 8. h3 Bh5 9. Bg5 Bd6 10. Nbd2 O-O 11. Qc2 Bg6 12. Rfe1 Rc8 13. Bxg6 hxg6 14. Qd3 Qb6 15. Rab1 Nd7 16. c4 Qa6 17. Qb3 Na5 18. Qa4 Nb6 19. Qb5 Naxc4 20. Qxa6 bxa6 21. b3 Nxd2 22. Bxd2 Rc2 23. a4 Rfc8 24. a5 Na8 25.
Be3 Nc7 26. g3 Nb5 27. Kg2 f6 28. g4 Nc3 29. Rbc1 Ne4 30. Rxc2 Rxc2 31. Rc1 Rxc1 32. Bxc1 Bb4 33. Bb2 g5 34. Kf1 Nd2+ 35. Nxd2 Bxd2 36. Ke2 Bxa5 37. Ba3 Kf7 38. Bc5 Bb6 39. b4 g6 40.
Kd3 f5 41. f3 Ke8 42. Kc3 Kd7 43. Kb3 Kc6 44. Ka4 a5 45. Be7 axb4 46. Kxb4 Bxd4 47. Bxg5 Kd6 48. h4 fxg4 49. fxg4 e5 50. h5 gxh5 51.
gxh5 Ke6 52. Kb3 e4 53. Kc2 Kf5 54. Bd8 Bg7 55. Ba5 d4 56. Be1 Kg5 57. Bf2 Kxh5 58.
Kb3 Kg4 59. Kc4 Kf3 60. Bh4 d3 61. Bf6 Bxf6 0-1

[Event "Late-Titled-Tuesday-Blitz-June-25-2024"]
[Site "Chess.com"]
[Date "2024.06.25"]
[Round "10"]
[White "Zq1"]
[Black "Snowball-03"]
[Result "1-0"]
[WhiteElo "2503"]
[BlackElo "2608"]
[TimeControl "180+1"]
[EndTime "15:55:15 PDT"]
[Termination "Zq1 won by resignation"]

1. d4 Nf6 2. c4 g6 3. Nc3 Bg7 4. e4 d6 5. Nf3 O-O 6. Be2 e5 7. O-O exd4 8. Nxd4 Re8 9. f3 c6 10. Kh1 d5 11. exd5 cxd5 12. c5 Nc6 13. Bg5 h6 14. Bh4 g5 15. Bf2 a6 16. Qd2 Bf8 17. Nb3 Bf5 18.
Rad1 Bg7 19. Nd4 Bg6 20. Nxc6 bxc6 21. Bd4 Rb8 22. Na4 Nh5 23. Bxg7 Nxg7 24. b3 Nf5 25. Rfe1 a5 26. Bd3 Rb4 27. Rxe8+ Qxe8 28. Re1 Qd8 29. Qc3 d4 30. Qd2 Ne3 31. Bxg6 fxg6 32. Qd3 Qf6 33. Nb6 g4 34. Qe4 gxf3 35. gxf3 Nf5 36. Nd7 Qf7 37.
Ne5 Qd5 38. Nd3 Qxe4 39. fxe4 Rb7 40. exf5 1-0

[Event "Late-Titled-Tuesday-Blitz-June-25-2024"]
[Site "Chess.com"]
[Date "2024.06.25"]
[Round "10"]
[White "shirovin"]
[Black "King_Deded4d5"]
[Result "1/2-1/2"]
[WhiteElo "2107"]
[BlackElo "2444"]
[TimeControl "180+1"]
[EndTime "15:55:15 PDT"]
[Termination "Game drawn by repetition"]

1. e4 c5 2. Nf3 e6 3. d4 cxd4 4. Nxd4 a6 5. Bd3 Bc5 6. Nb3 Ba7 7. Qe2 Ne7 8. Be3 Nbc6 9. Bxa7 Rxa7 10. Nc3 b5 11. Qe3 Rc7 12. e5 d5 13. exd6 Qxd6 14. O-O-O Qe5 15. Qh3 Nb4 16. Kb1 Ned5 17. Nxd5 exd5 18.
Qh4 Nxd3 19. cxd3 O-O 20. d4 Bf5+ 21. Ka1 Qd6 22. Nc5 a5 23. Rhe1 Bg6 24. f4 h6 25.
Re5 b4 26. g4 f6 27. Ree1 Bf7 28. f5 a4 29. Ne6 Bxe6 30. Rxe6 Qf4 31. Qe1 Rfc8 32. Re8+ Rxe8 33. Qxe8+ Kh7 34. Qg6+ Kg8 35. Qe8+ Kh7 36. Qg6+ Kg8 37. Qe8+ 1/2-1/2

[Event "Late-Titled-Tuesday-Blitz-June-25-2024"]
[Site "Chess.com"]
[Date "2024.06.25"]
[Round "10"]
[White "canary2016"]
[Black "Gyulamiryan-koryun"]
[Result "1-0"]
[WhiteElo "2218"]
[BlackElo "1823"]
[TimeControl "180+1"]
[EndTime "15:55:17 PDT"]
[Termination "canary2016 won on time"]

1. d4 Nf6 2. c4 c5 3. d5 b5 4. cxb5 a6 5. e3 g6 6. Nc3 Bg7 7. Nf3 O-O 8. Be2 d6 9. O-O Bb7 10. a4 axb5 11. Bxb5 Nbd7 12. e4 Ba6 13. Bxa6 Rxa6 14.
Qe2 Qa8 15. Bg5 Re8 16. Rfb1 Ng4 17. Nd2 h5 18. h3 Ngf6 19. Nc4 Nh7 20. Bd2 Ne5 21.
Nxe5 Bxe5 22. Qc4 Rb8 23. Nb5 Rb7 24. Bc3 f6 25. Ra3 Nf8 26. Rba1 Nd7 27. b3 Nb6 28. Qd3 Bxc3 29. Qxc3 Nd7 30. Qd2 Kg7 31. R3a2 Ne5 32. f4 Nf7 33. Kh1 Qc8 34. Qd3 g5 35. g3 Qxh3+ 36.
Rh2 Qg4 37. Rg1 Ra8 38. Qe3 Rh8 39. Na3 Rb4 40. Nc4 1-0

[Event "Late-Titled-Tuesday-Blitz-June-25-2024"]
[Site "Chess.com"]
[Date "2024.06.25"]
[Round "10"]
[White "Hikaru"]
[Black "Raja3401"]
[Result "1-0"]
[WhiteElo "3206"]
[BlackElo "2798"]
[TimeControl "180+1"]
[EndTime "15:55:19 PDT"]
[Termination "Hikaru won on time"]

1. d4 Nf6 2. Bg5 d5 3. Nd2 c5 4. e3 Nc6 5. c3 e5 6. dxe5 Nxe5 7.
Ngf3 Nc6 8. Bd3 Be7 9. Qc2 h6 10. Bh4 O-O 11. O-O-O Qa5 12. Kb1 b5 13. Bf5 c4 14.
Bxc8 Rfxc8 15. e4 dxe4 16. Nxe4 Nxe4 17. Qxe4 Bxh4 18. Nxh4 b4 19. Rd5 Qb6 20. Qe3 Qxe3 21. fxe3 bxc3 22. bxc3 Rab8+ 23. Kc2 Re8 24. Nf5 Re5 25.
Rhd1 Kh7 26. g3 Rb5 27. Rxb5 Rxb5 28. Nd6 Ra5 29. Kb1 Ne5 30. Rd4 Rc5 31. h3 f6 32.
a4 Rc6 33. Kb2 Nf3 34. Rd1 Ne5 35. Ka3 Rb6 36. Nb5 a6 37. Nd4 Nd3 38. a5 Rd6 39. Rb1 Rd5 40. Ka4 Re5 41. Nc2 Rf5 42. Rb6 Rf2 43. Nb4 Nc5+ 44. Ka3 Re2 45. Rc6 Ne4 46. Nxa6 Rxe3 47. Nc7 Nxc3 48. Kb4 Ne4 49. a6 Rb3+ 50.
Kxc4 Ra3 51. Kb4 Ra1 52. Nb5 Rb1+ 53. Ka5 Ra1+ 54. Kb6 1-0

[Event "Late-Titled-Tuesday-Blitz-June-25-2024"]
[Site "Chess.com"]
[Date "2024.06.25"]
[Round "10"]
[White "Grischuk"]
[Black "Arysya"]
[Result "1-0"]
[WhiteElo "3109"]
[BlackElo "2848"]
[TimeControl "180+1"]
[EndTime "15:55:19 PDT"]
[Termination "Grischuk won on time"]

1. d4 Nf6 2. c4 d6 3. Nc3 Bf5 4.
g3 e5 5. Bg2 c6 6. e4 Be6 7. b3 Be7 8. Nge2 O-O 9. O-O c5 10.
d5 Bd7 11. f4 Re8 12. f5 h6 13.
Qd3 Na6 14. a3 Nc7 15. Kh1 a6 16. b4 b6 17. Be3 Bf8 18. Rfd1 Rb8 19. Rab1 Qc8 20. a4 a5 21. b5 Be7 22. Rf1 Kh7 23. h3 Rh8 24. g4 Kg8 25. Ng1 Kf8 26. Nf3 Nh7 27. Nxe5 Bg5 28. Nc6 Ra8 29. e5 dxe5 30.
Nxe5 Ne8 31. d6 Ra7 32. Nd5 Qb8 33. Nc6 Qxd6 34. Nxa7 h5 35. gxh5 Nef6 36. Rbd1 Nxh5 37. Bf2 Qh6 38. Nxb6 Be8 39. Qd6+ 1-0

[Event "Late-Titled-Tuesday-Blitz-June-25-2024"]
[Site "Chess.com"]
[Date "2024.06.25"]
[Round "10"]
[White "Dyadya81"]
[Black "ArmanGhevondyanchess"]
[Result "1-0"]
[WhiteElo "2805"]
[BlackElo "2629"]
[TimeControl "180+1"]
[EndTime "15:55:19 PDT"]
[Termination "Dyadya81 won on time"]

1. e4 c5 2. Nf3 Nc6 3. Bb5 g6 4. Bxc6 bxc6 5. d4 cxd4 6. Qxd4 Nf6 7. e5 Nd5 8. O-O Bg7 9. Qh4 h6 10. c4 Nb6 11. Nc3 Ba6 12. b3 Qc7 13. Ba3 g5 14.
Qe4 Bb7 15. Bc5 h5 16. Rfe1 g4 17. Nh4 Bf8 18. a4 O-O-O 19. a5 d5 20. exd6 exd6 21.
axb6 axb6 22. Bd4 Rh6 23. Qf5+ Kb8 24. Bf6 Rc8 25. Re3 d5 26. Rae1 Bc5 27. Be5 Bd6 28.
cxd5 Bxe5 29. Rxe5 cxd5 30. Nxd5 Qc1 31. Ne7 Rc7 32.
h3 Qc3 33. Qxf7 1-0

[Event "Late-Titled-Tuesday-Blitz-June-25-2024"]
[Site "Chess.com"]
[Date "2024.06.25"]
[Round "10"]
[White "pinelone"]
[Black "KatakuriDono"]
[Result "0-1"]
[WhiteElo "2414"]
[BlackElo "2347"]
[TimeControl "180+1"]
[EndTime "15:55:20 PDT"]
[Termination "KatakuriDono won on time"]

1. Nf3 d5 2. d4 Nf6 3. c4 dxc4 4. e3 a6 5. Bxc4 b5 6. Be2 Bb7 7. O-O e6 8. a4 b4 9. b3 Nbd7 10. Bb2 c5 11. Nbd2 Be7 12. Nc4 O-O 13. Rc1 cxd4 14.
Nxd4 Nc5 15. Bf3 Nd5 16. e4 Nf4 17. e5 Bxf3 18. Qxf3 Nfd3 19. Rcd1 Nxb2 20. Nxb2 Qc7 21. Nd3 Rad8 22. Nxb4 Rc8 23. Nbc6 Bg5 24. a5 Nb7 25. b4 Nd8 26. Nxd8 Rfxd8 27. Nb3 Qc4 28. Nc5 Qxb4 29. Rxd8+ Rxd8 30. Nb7 Rb8 31. Nd6 Rf8 32. Qg3 Be7 33. h4 Qxa5 34. h5 h6 35. Rc1 Qd5 36. Rc7 Bg5 37. f4 Bd8 0-1

[Event "Late-Titled-Tuesday-Blitz-June-25-2024"]
[Site "Chess.com"]
[Date "2024.06.25"]
[Round "10"]
[White "schondeln"]
[Black "protectiago"]
[Result "1-0"]
[WhiteElo "2381"]
[BlackElo "2139"]
[TimeControl "180+1"]
[EndTime "15:55:20 PDT"]
[Termination "schondeln won on time"]

1. e4 e5 2. Nf3 Nc6 3. Nc3 Nf6 4. d4 exd4 5. Nxd4 Bb4 6. Nxc6 bxc6 7. Bd3 d5 8. exd5 cxd5 9. O-O O-O 10. h3 c6 11.
Qf3 Rb8 12. Bf4 Bd6 13. b3 Rb4 14. Bxd6 Qxd6 15. Rfe1 h6 16. Rad1 Rf4 17. Qe3 Qc7 18. Qc5 Be6 19. Ne2 Rh4 20. Ng3 Bxh3 21. gxh3 Rxh3 22.
Re3 Qf4 23. Bf1 Ng4 24. Rc3 Rh2 25. Bg2 Re8 26. Rf1 Re2 27. Rf3 Qd2 28. Qxc6 Re1 29. Qc8+ Kh7 30. Qf5+ Kg8 31. Qxg4 Rxf1+ 32. Nxf1 1-0

[Event "Late-Titled-Tuesday-Blitz-June-25-2024"]
[Site "Chess.com"]
[Date "2024.06.25"]
[Round "10"]
[White "Hirna2005"]
[Black "Winner_7777"]
[Result "0-1"]
[WhiteElo "2381"]
[BlackElo "2529"]
[TimeControl "180+1"]
[EndTime "15:55:21 PDT"]
[Termination "Winner_7777 won on time"]

1. e4 c5 2. Nf3 d6 3. c3 Nf6 4. h3 Nbd7 5. Bd3 g6 6. Bc2 Bg7 7.
O-O O-O 8. d4 b6 9. Qe2 e6 10.
Rd1 Qc7 11. Bf4 e5 12. Bh2 Bb7 13. Na3 a6 14. Rac1 b5 15. b4 c4 16. Bb1 Rfe8 17.
d5 Nb6 18. Nc2 Bc8 19. Ne3 Bd7 20. Nd2 a5 21. a3 axb4 22. axb4 Ra3 23. f4 exf4 24.
Bxf4 Nh5 25. Bh2 Bxc3 26. Rxc3 Rxc3 27. Nf3 Qa7 28. Kh1 Na4 29. Ng4 Bxg4 30. hxg4 Nf6 31.
Bxd6 Re3 32. Qd2 Nxe4 33. Bxe4 R8xe4 34. Ng5 Re2 35. Nxe4 Rxd2 36. Rxd2 Qe3 37. Nf6+ Kg7 0-1

[Event "Late-Titled-Tuesday-Blitz-June-25-2024"]
[Site "Chess.com"]
[Date "2024.06.25"]
[Round "10"]
[White "bazar-wokzal"]
[Black "lamomiajunior"]
[Result "1-0"]
[WhiteElo "2627"]
[BlackElo "2759"]
[TimeControl "180+1"]
[EndTime "15:55:23 PDT"]
[Termination "bazar-wokzal won by checkmate"]

1. e4 c5 2. c3 g6 3. d4 Bg7 4.
dxc5 Qc7 5. Be3 Nf6 6. Nd2 O-O 7. Bd3 Na6 8. b4 b6 9. Qe2 Nb8 10. Ngf3 bxc5 11. bxc5 Nc6 12. O-O Ng4 13. Bd4 Bxd4 14. cxd4 Nxd4 15. Qd1 Nxf3+ 16. Nxf3 Qxc5 17. Rc1 Qa5 18.
Bc4 Bb7 19. Qxd7 Bxe4 20. Qxg4 Bf5 21. Qh4 Kg7 22. Qxe7 Rae8 23. Qd6 Be4 24. Qd4+ Kg8 25. Rc3 Rd8 26. Qe3 Rfe8 27. Ng5 Kg7 28. Nxe4 f5 29. Qc5 Qa4 30. Ng5 Rd1 31. Qc7+ Kh6 32. Qxh7+ Kxg5 33.
Rg3+ Kf4 34. Qc7+ Re5 35. Rf3+ Kg5 36. Qxe5 Qxc4 37. Rxd1 Qc2 38. Qe7+ Kh6 39. Rh3# 1-0

[Event "Late-Titled-Tuesday-Blitz-June-25-2024"]
[Site "Chess.com"]
[Date "2024.06.25"]
[Round "10"]
[White "JEHUBNER"]
[Black "chess_sharparchitect"]
[Result "1-0"]
[WhiteElo "2015"]
[BlackElo "2319"]
[TimeControl "180+1"]
[EndTime "15:55:25 PDT"]
[Termination "JEHUBNER won on time"]

1. e4 c5 2. c3 Nf6 3. e5 Nd5 4. d4 cxd4 5. cxd4 d6 6. Nf3 e6 7. Nc3 Nc6 8. Bc4 Nxc3 9. bxc3 dxe5 10. dxe5 Qa5 11. Bd2 Nxe5 12. Nxe5 Qxe5+ 13. Be2 Bd6 14. g3 Qe4 15. O-O O-O 16. Bf3 Qc4 17. Be3 Be5 18.
Rc1 Qc7 19. c4 Bd7 20. Qb3 Bc6 21. Be2 Rfd8 22. Rfd1 h6 23. Rxd8+ Qxd8 24. Rd1 Qf6 25. Bc1 Bd4 26. Be3 Be5 27. f4 Bc7 28. Bf2 b6 29.
Bf3 Bxf3 30. Qxf3 Rd8 31. Re1 Qb2 32. Qc6 Bd6 33. Rd1 Qb4 34. c5 bxc5 35. Rxd6 1-0

[Event "Late-Titled-Tuesday-Blitz-June-25-2024"]
[Site "Chess.com"]
[Date "2024.06.25"]
[Round "10"]
[White "vova-79"]
[Black "Chempiblinka"]
[Result "0-1"]
[WhiteElo "2584"]
[BlackElo "2434"]
[TimeControl "180+1"]
[EndTime "15:55:26 PDT"]
[Termination "Chempiblinka won on time"]

1. d4 Nf6 2. c4 g6 3. Nf3 Bg7 4. g3 O-O 5. Bg2 d5 6. cxd5 Nxd5 7. O-O Nc6 8. Nc3 Nxc3 9. bxc3 Bf5 10. Nd2 Bd7 11.
e4 Rb8 12. e5 Na5 13. f4 e6 14. a4 Re8 15. Ne4 Bc6 16. g4 Qh4 17. h3 Qe7 18. f5 exf5 19. gxf5 gxf5 20. Rxf5 Kh8 21. Bg5 Qe6 22.
Qg4 Qg6 23. Nf6 Bxg2 24. Kxg2 Re6 25. Nh5 Nc4 26. Raf1 h6 27. Bc1 Rg8 28. Rxf7 Qxg4+ 29. hxg4 Bf8 30. Kh3 Bg7 31. Nxg7 Rxg7 32. Rxg7 Kxg7 33. Kh4 Kg6 34. Rf8 Nb6 35. Rg8+ Kf7 36. Rh8 Nxa4 37. Rxh6 Rxh6+ 38. Bxh6 Nxc3 39. Kg3 a5 0-1

[Event "Late-Titled-Tuesday-Blitz-June-25-2024"]
[Site "Chess.com"]
[Date "2024.06.25"]
[Round "10"]
[White "ValeriyGrinev"]
[Black "Mops_2004"]
[Result "1/2-1/2"]
[WhiteElo "2621"]
[BlackElo "2800"]
[TimeControl "180+1"]
[EndTime "15:55:27 PDT"]
[Termination "Game drawn by repetition"]

1. d4 g6 2. c4 Bg7 3. Nf3 d6 4. Nc3 e5 5. g3 Nc6 6. dxe5 Nxe5 7. Bg2 Nxf3+ 8. Bxf3 Nf6 9. O-O O-O 10. Qc2 Rb8 11. b3 b6 12. Bb2 Bf5 13. Qd2 Re8 14. Rac1 h5 15. h4 Ne4 16. Nxe4 Bxb2 17. Qxb2 Bxe4 18.
Bxe4 Rxe4 19. e3 a5 20. Rcd1 Qe7 21. Rd4 Re8 22. Rfd1 Rxd4 23. Qxd4 Qe6 24. Kg2 Qf5 25. Rd2 Qb1 26. Qd3 Qxd3 27. Rxd3 Kg7 28. Kf3 f5 29. Rd4 Kf6 30. Kf4 a4 31. b4 a3 32. e4 fxe4 33.
Rxe4 Ra8 34. Ke3 Ra4 35. c5 bxc5 36. bxc5 Ra5 37. Rf4+ Ke6 38. Re4+ Kf6 39. Rf4+ Ke7 40. Re4+ Kd7 41. cxd6 cxd6 42. Rb4 Ke6 43. Rb6 Ke5 44.
Rb4 d5 45. Rb6 Kf5 46. Rb4 Ra6 47. Rf4+ Ke5 48. Rb4 Ra5 49. Rb6 Kf5 50. Rb4 Ke5 1/2-1/2

[Event "Late-Titled-Tuesday-Blitz-June-25-2024"]
[Site "Chess.com"]
[Date "2024.06.25"]
[Round "10"]
[White "chessdoll90"]
[Black "talaicito"]
[Result "1-0"]
[WhiteElo "2499"]
[BlackElo "2375"]
[TimeControl "180+1"]
[EndTime "15:55:27 PDT"]
[Termination "chessdoll90 won on time"]

1. c4 e5 2. g3 d6 3. Bg2 f5 4. Nc3 Nf6 5. d4 e4 6. Nh3 c6 7. O-O Be7 8. f3 exf3 9. exf3 O-O 10. Be3 Nbd7 11. Qd2 Nb6 12. b3 a5 13. Rae1 a4 14. d5 cxd5 15. cxd5 axb3 16. axb3 Ra3 17. Qb2 Ra5 18. b4 Nc4 19. Qe2 Nxe3 20. Qxe3 Ra3 21. Qc1 Rb3 22. b5 Qb6+ 23. Kh1 Bd8 24. Nf4 Qc7 25. Na4 Rxb5 26. Qxc7 Bxc7 27. Rb1 Bd7 28.
Nc3 Rc5 29. Rfc1 b5 30. Nd3 Rc4 31. Bf1 Ba5 32. Nxb5 Rxc1 33. Nxc1 Nxd5 34. Bc4 Be6 35. Nxd6 Kh8 36. Nd3 Nc3 37. Rb7 1-0

[Event "Late-Titled-Tuesday-Blitz-June-25-2024"]
[Site "Chess.com"]
[Date "2024.06.25"]
[Round "10"]
[White "MaxLeto"]
[Black "Zhigalko_Sergei"]
[Result "0-1"]
[WhiteElo "2471"]
[BlackElo "2937"]
[TimeControl "180+1"]
[EndTime "15:55:29 PDT"]
[Termination "Zhigalko_Sergei won on time"]

1. g4 h5 2. g5 g6 3. d4 d5 4. Bg2 Bg7 5. c4 c6 6. cxd5 cxd5 7. Nc3 e6 8. Bf4 Nc6 9. e3 Nge7 10. Nf3 O-O 11. O-O Nf5 12. Rc1 Bd7 13. Qb3 Na5 14. Qd1 Rc8 15. Qe2 a6 16. Rc2 Nc4 17. b3 Na3 18. Rcc1 Qe7 19. Qd2 Rc6 20. Ne2 Rfc8 21. Rxc6 Rxc6 22. Rc1 Nb5 23. a4 Na7 24. Bh3 Rxc1+ 25.
Qxc1 Nc6 26. Qc3 Nd6 27. Bg2 Ne4 28. Qc2 Qb4 29. Nc1 Na5 30. Kf1 Bf8 31. Ke2 Nc3+ 32.
Kf1 Ne4 33. Ke2 b5 0-1

[Event "Late-Titled-Tuesday-Blitz-June-25-2024"]
[Site "Chess.com"]
[Date "2024.06.25"]
[Round "10"]
[White "Nf3c5"]
[Black "Chessmissile07"]
[Result "1-0"]
[WhiteElo "2659"]
[BlackElo "2808"]
[TimeControl "180+1"]
[EndTime "15:55:30 PDT"]
[Termination "Nf3c5 won by resignation"]

1. Nf3 a6 2. e4 c5 3. c4 Nc6 4. d4 cxd4 5. Nxd4 Nf6 6. Nc3 e5 7. Nf5 d5 8. cxd5 Bxf5 9. exf5 Nd4 10. Bg5 Qb6 11. Rb1 Bb4 12. Bd3 Nxd5 13. O-O Nf6 14.
Bxf6 Qxf6 15. Qa4+ Nc6 16. Nd5 Qd6 17. Be4 O-O 18.
Rbd1 b5 19. Qc2 Nd4 20. Qd3 Rad8 21. f6 gxf6 22. Qg3+ Kh8 23. Qh4 f5 24. Nf6 Kg7 25.
Qg5+ Kh8 26. Qh6 Qxf6 27. Qxf6+ Kg8 28. Bxf5 Rd6 29. Qg5+ Kh8 30. Qh5 h6 31. Kh1 Kg7 32.
Be4 f5 33. Bb1 Bc5 34. g4 f4 35. g5 Rh8 36. Rg1 Kf8 37. g6 Kg7 38. Qxe5+ Rf6 39. Qxc5 Ne6 40. Rd7+ 1-0

[Event "Late-Titled-Tuesday-Blitz-June-25-2024"]
[Site "Chess.com"]
[Date "2024.06.25"]
[Round "10"]
[White "ACollins05"]
[Black "GrotBchess"]
[Result "1-0"]
[WhiteElo "2440"]
[BlackElo "2569"]
[TimeControl "180+1"]
[EndTime "15:55:31 PDT"]
[Termination "ACollins05 won by checkmate"]

1. d4 Nf6 2. c4 g6 3. Nc3 Bg7 4. e4 d6 5. h3 e5 6. Nf3 O-O 7. Bg5 exd4 8. Qxd4 Nc6 9. Qd2 Qe8 10. Bd3 Nxe4 11. Nxe4 f5 12. O-O fxe4 13. Rae1 Bf5 14. Nh4 Ne5 15. Bxe4 Bxe4 16. Rxe4 Qc6 17. Qd5+ Qxd5 18.
cxd5 h6 19. Bd2 g5 20. f4 gxh4 21. fxe5 Bxe5 22. Rxf8+ Rxf8 23. Bxh6 Rf5 24. Rxh4 Bxb2 25. Rb4 Ba3 26. Rxb7 Bc5+ 27. Kh2 Bb6 28. Rb8+ Kh7 29. Bc1 Rxd5 30. Re8 Rd1 31. Be3 Re1 32. Re7+ Kg6 33. Bg5 Ra1 34. Be3 Bxe3 35. Rxe3 Rxa2 36. h4 d5 37. Kh3 d4 38. Re7 c5 39. g4 d3 40. Rd7 d2 41. h5+ Kg5 42. Rd5+ Kf6 43. h6 c4 44. g5+ Kg6 45. Rd6+ Kh7 46. Rd7+ Kh8 47. Kg4 c3 48. g6 Ra4+ 49. Kg3 d1=Q 50. Rxd1 Rd4 51. Rxd4 c2 52. Rd8# 1-0